AoeStats
← aoesweden

Arabia

509073342Analyzed
2v2 RM · 6d ago on Sep 25, 2026· 48m 44s· 4 players
Game mode
Random Map
Map size
Medium (4 player)
Population
200
Speed
Normal
Resources
Standard
Victory
Conquest
Starting age
Dark Age
Ending age
Imperial Age
RankedLock teamsTeams togetherTeam positionsShared explorationLock speedFull tech treeHidden civsTurbo modeCheats
Victory
Defeat
🇸🇪 Dravidians · Sweden
962
+14
🇳🇱 Franks · Netherlands
958
+14
🇬🇧 Varangians · United Kingdom
923
-14
🇬🇧 Mongols · United Kingdom
914
-14
Lo. 80%
10:37 Feudal Age
12:04 Wheelbarrow
11:16 Loom
11:17 Double-Bit Axe
20:15 Castle Age
21:17 Hand Cart
24:03 Bow Saw
24:43 Padded Archer Armor
25:45 Fletching
27:43 Town Watch
27:32 Elite Skirmisher
29:00 Leather Archer Armor
28:40 Bodkin Arrow
35:59 Husbandry
37:54 Ballistics
41:24 Stone Mining
42:38 Masonry
45:07 Imperial Age
46:52 Chemistry
aoesweden
12:16 Feudal Age
12:53 Double-Bit Axe
12:54 Horse Collar
14:18 Gold Mining
19:53 Castle Age
21:14 Bow Saw
20:40 Crossbowman
21:31 Stone Mining
23:32 Fletching
24:41 Padded Archer Armor
25:51 Ballistics
25:55 Elite Skirmisher
26:33 Bodkin Arrow
26:53 Leather Archer Armor
27:45 Thumb Ring
31:24 Wheelbarrow
30:35 Loom
30:51 Murder Holes
31:31 Pikeman
31:46 Light Cavalry
32:27 Husbandry
32:34 Scale Barding Armor
32:49 Heavy Plow
35:49 Hand Cart
36:31 Caravan
39:58 Imperial Age
38:30 Medical Corps
41:07 Wootz Steel
41:08 Conscription
42:25 Two-Man Saw
41:02 Siege Elephant
42:54 Elite Elephant Archer
49:03 Bracer
49:33 Ring Archer Armor
frbbehrens
6:38 Loom
10:48 Feudal Age
14:38 Double-Bit Axe
14:51 Horse Collar
21:56 Castle Age
21:55 Fletching
22:35 Bodkin Arrow
22:24 Crossbowman
23:05 Gold Mining
23:28 Bow Saw
27:01 Padded Archer Armor
32:57 Ballistics
38:37 Imperial Age
40:39 Conscription
40:27 Bracer
41:32 Forging
41:23 Scale Mail Armor
42:49 Elite Jarl
43:06 Heavy Mounted Crossbowman
45:44 Iron Casting
45:34 Chain Mail Armor
49:23 Blast Furnace
48:54 Plate Mail Armor
neilcasserly3
2:02 Loom
10:19 Feudal Age
15:49 Forging
20:03 Castle Age
19:04 Scale Mail Armor
19:12 Scale Barding Armor
20:31 Bloodlines
20:16 Fletching
20:50 Husbandry
23:02 Light Cavalry
30:32 Iron Casting
32:57 Chain Barding Armor
33:53 Elite Skirmisher
Connection lost

Rejoining the realm…

Still unreachable

The connection could not be restored.

Session expired

The server has moved on; the page needs a fresh start.